Map: Interloper LE

Players

Winthrowe

  • Race: Protoss Protoss
  • League: Silver
  • Spawn Location: 5:00

A.I. 1 (Hard) - Winner!

  • Race: Zerg Zerg
  • Spawn Location: 11:00

VOD

Have the link to the VOD?

Description

Time

  • Played on: Aug. 28, 2017, 5:17 p.m.
  • Length: 12:04
Show
View Real Time Build Order
Export as new Build Order

Winthrowe Protoss 

Build Orders: Double Forge 

Get SALT Encoding   

  12  0:02  Probe (Chrono Boost)  
  13  0:12  Probe (Chrono Boost)  
  14  0:22  Pylon  
  14  0:25  Probe (Chrono Boost)  
  15  0:40  Probe (Chrono Boost)  
  16  0:45  Gateway  
  16  0:51  Probe (Chrono Boost)  
  17  1:12  Forge  
  17  1:46  Pylon  
  17  1:55  Forge  
  17  2:16  Assimilator, Zealot  
  17  2:20  Assimilator  
  19  2:43  Cybernetics Core  
  19  2:48  Pylon  
  19  3:10  Probe (Chrono Boost)  
  20  3:20  Probe (Chrono Boost)  
  21  3:31  Probe (Chrono Boost)  
  21  3:33  Nexus  
  22  3:42  Probe (Chrono Boost)  
  23  3:50  Photon Cannon  
  23  3:52  Probe (Chrono Boost)  
  24  4:01  Photon Cannon  
  25  4:03  Probe (Chrono Boost)  
  25  4:08  Stalker  
  27  4:13  Probe (Chrono Boost)  
  28  4:24  Probe (Chrono Boost)  
  29  4:31  Robotics Facility  
  29  4:34  Probe (Chrono Boost)  
  29  4:38  Stalker  
  32  4:45  Probe (Chrono Boost)  
  31  4:55  Probe (Chrono Boost)  
  30  5:08  Stalker  
  36  5:28  Immortal  
  36  5:38  Zealot  
  36  5:42  Pylon  
  38  5:46  Pylon  
  38  6:08  Observer  
  39  6:26  Gateway  
  39  6:29  Gateway  
  39  6:31  Gateway  
  39  6:33  Warp Gate, Gateway  
  39  6:34  Gateway  
  39  6:35  Gateway  
  39  6:37  Gateway  
  39  6:38  Gateway  
  39  6:52  Photon Cannon  
  39  6:54  Photon Cannon  
  40  7:01  Probe x2 (Chrono Boost)  
  41  7:11  Probe (Chrono Boost)  
  41  7:12  Probe (Chrono Boost)  
  41  7:14  Assimilator  
  43  7:16  Assimilator  
  43  7:22  Probe x2 (Chrono Boost)  
  45  7:33  Probe x2 (Chrono Boost)  
  45  7:34  Forge  
  47  7:37  Forge  
  47  7:43  Probe (Chrono Boost)  
  47  7:44  Probe (Chrono Boost)  
  49  7:54  Probe x2 (Chrono Boost)  
  51  8:04  Probe (Chrono Boost)  
  51  8:05  Probe (Chrono Boost)  
  51  8:15  Nexus, Probe (Chrono Boost)  
  44  8:25  Probe (Chrono Boost)  
  41  8:36  Probe (Chrono Boost)  
  35  8:45  Zealot x5  
  35  8:46  Zealot x4  
  34  9:07  Stalker x4  
  34  9:08  Stalker x2  
  34  9:09  Stalker  
  46  9:30  Stalker  
  48  9:54  Protoss Ground Armor Level 1, Protoss Ground Weapons Level 1  
  34  10:08  Zealot x2  
  34  10:09  Zealot  
  40  10:14  Sentry  
  40  10:15  Sentry  
  44  10:23  Probe (Chrono Boost)  
  45  10:33  Probe (Chrono Boost)  
  44  11:02  Sentry x2  
  44  11:03  Sentry  
  50  11:04  Sentry  
  50  11:05  Sentry x3  
  50  11:06  Sentry x2  
Show
View Real Time Build Order
Export as new Build Order

A.I. 1 (Hard) Zerg - Winner!

Build Orders: Pool First 

Get SALT Encoding   

  12  0:00  Drone  
  13  0:12  Overlord  
  13  0:17  Drone  
  14  0:31  Drone  
  14  0:32  Drone  
  16  0:42  Spawning Pool  
  16  0:45  Drone  
  16  0:50  Drone  
  16  0:54  Extractor  
  16  0:56  Drone  
  17  1:06  Overlord  
  17  1:31  Zergling x4  
  17  1:32  Queen  
  21  1:38  Drone  
  21  1:39  Roach Warren  
  21  1:49  Drone  
  22  2:03  Drone  
  23  2:10  Overlord  
  23  2:21  Drone  
  24  2:31  Extractor  
  24  2:32  Roach  
  25  2:39  Roach x2, Drone  
  25  2:41  Baneling Nest  
  29  2:44  Overlord  
  29  2:54  Drone  
  29  2:56  Evolution Chamber  
  29  3:05  Drone  
  30  3:11  Roach x2, Drone  
  35  3:17  Drone  
  36  3:28  Drone  
  37  3:38  Drone  
  38  3:43  Drone  
  38  3:44  Overlord, Drone  
  40  3:55  Lair  
  40  3:56  Zerg Melee Weapons Level 1  
  39  4:34  Zergling x2  
  39  4:50  Spore Crawler, Drone  
  37  4:54  Hydralisk Den  
  37  4:55  Drone  
  33  5:00  Spore Crawler  
  33  5:02  Drone  
  33  5:04  Burrow  
  33  5:06  Hatchery  
  32  5:07  Drone  
  32  5:09  Roach  
  33  5:19  Roach  
  33  5:28  Hydralisk  
  35  5:39  Roach  
  37  5:46  Spine Crawler  
  37  5:47  Drone  
  37  5:49  Ravager, Hydralisk  
  40  5:50  Zerg Missile Weapons Level 1  
  40  5:59  Hydralisk  
  40  6:01  Spine Crawler, Drone  
  40  6:03  Overseer  
  42  6:09  Roach  
  44  6:12  Overseer  
  44  6:14  Queen  
  46  6:18  Drone  
  46  6:20  Spore Crawler  
  46  6:21  Drone  
  46  6:24  Drone  
  48  6:26  Ravager  
  48  6:29  Drone  
  48  6:32  Drone  
  51  6:35  Drone  
  51  6:38  Drone  
  53  6:40  Drone  
  53  6:45  Overlord  
  54  6:48  Drone  
  54  6:50  Drone  
  54  6:52  Drone  
  57  6:54  Drone  
  57  6:56  Drone  
  59  7:03  Roach, Drone  
  59  7:05  Overlord  
  62  7:12  Spore Crawler, Drone  
  62  7:13  Drone  
  63  7:21  Queen, Drone  
  66  7:23  Drone  
  66  7:24  Drone  
  66  7:28  Overlord  
  69  7:30  Drone  
  69  7:33  Drone  
  70  7:37  Roach  
  70  7:38  Evolution Chamber  
  70  7:42  Pneumatized Carapace  
  73  7:44  Roach, Zerg Ground Armor Level 1  
  73  7:47  Overseer  
  73  7:56  Hatchery  
  72  7:58  Roach  
  72  7:59  Roach  
  72  8:04  Overlord, Roach  
  76  8:09  Roach  
  78  8:14  Roach  
  78  8:19  Roach  
  81  8:24  Zergling x2  
  81  8:26  Overlord  
  82  8:29  Hydralisk  
  82  8:34  Hydralisk  
  84  8:38  Extractor  
  84  8:39  Hydralisk  
  87  8:44  Extractor  
  87  8:47  Infestation Pit  
  85  8:52  Roach  
  83  9:00  Hydralisk  
  83  9:01  Drone  
  86  9:02  Overlord  
  86  9:03  Drone  
  86  9:06  Roach, Drone  
  86  9:08  Drone  
  86  9:09  Drone  
  90  9:10  Drone  
  90  9:11  Hydralisk  
  90  9:12  Drone  
  90  9:13  Drone  
  90  9:15  Drone  
  90  9:17  Extractor, Roach  
  89  9:18  Drone  
  89  9:21  Drone  
  89  9:22  Hydralisk  
  89  9:23  Drone  
  90  9:26  Drone  
  90  9:27  Infestor  
  90  9:28  Drone  
  90  9:29  Drone  
  90  9:31  Drone  
  96  9:32  Drone  
  96  9:35  Drone  
  96  9:37  Drone  
  99  9:40  Drone  
  99  9:44  Overlord, Drone  
  101  9:46  Zerg Melee Weapons Level 2  
  101  9:55  Roach  
  101  10:09  Extractor  
  101  10:10  Drone  
  101  10:16  Pathogen Glands  
  101  10:19  Spine Crawler  
  101  10:20  Spine Crawler, Drone  
  100  10:22  Drone  
  100  10:23  Glial Reconstitution  
  100  10:25  Zergling x2  
  100  10:26  Spore Crawler  
  100  10:27  Drone  
  101  10:29  Spore Crawler  
  101  10:30  Drone  
  101  10:33  Spire, Drone  
  101  10:40  Queen  
  103  10:53  Spine Crawler  
  103  10:54  Drone  
  103  10:55  Spine Crawler  
  103  10:57  Drone  
  103  11:18  Overlord  
  103  11:22  Roach  
  103  11:23  Overseer  
  103  11:29  Zergling x2  
  103  11:37  Overlord  
Tags
 
Add a new tag
Caveats
  • Supply blocks, unpowered buildings, or Contaminate may cause inaccurate times.
  • Supply counts are checked every 10 seconds.